 Dungeon Crawl Stone Soup version bcrawl-1.19.1 (webtiles) character file.

Game seed: 2663512503646050059

379 Redear the Sneak (level 6, 0/43 HPs)
             Began as an Octopode Fighter on Dec 7, 2019.
             Slain by an orc (3 damage)
             ... on level 4 of the Dungeon.
             The game lasted 00:05:39 (3546 turns).

Redear the Sneak (Octopode Fighter)                 Turns: 3546, Time: 00:05:40

Health: 0/43       AC:  1    Str: 16    XL:     6   Next: 74%
Magic:  6/6        EV: 13    Int: 10    God:
Gold:   180        SH: 13    Dex: 13    Spells: 5/5 levels left

rFire    . . .     SeeInvis +   a - +0 long sword
rCold    . . .     Gourm    .   b - +0 shield
rNeg     + . .     Faith    .   (helmet restricted)
rPois    .         Spirit   .   (cloak restricted)
rElec    .         Reflect  +   r - +3 amulet of reflection
rCorr    .         Harm     .   j - ring of positive energy
MR       .....     Rnd*Tele +   n - ring of teleportation (curse)
Stlth    ++++......             t - ring of see invisible
HPRegen  0.14/turn              (no ring)
MPRegen  0.10/turn              (no ring)
                                (no ring)
                                (no ring)
                                (no ring)

@: no status effects
A: almost no armour, stealthy swim, amphibious, 8 rings, constrict 8, camouflage
1, gelatinous body 1
a: no special abilities


You were on level 4 of the Dungeon.
You were not hungry.

You visited 1 branch of the dungeon, and saw 4 of its levels.

You collected 180 gold pieces.

Inventory:

Hand Weapons
 a - a +0 long sword (weapon)
 D - a cursed -3 dagger
Missiles
 q - 83 javelins of penetration (quivered)
 y - 301 stones
Armour
 b - a +0 shield (worn)
Jewellery
 j - a ring of positive energy (left tentacle)
 n - a cursed ring of teleportation (right tentacle)
 r - a +3 amulet of reflection (around mantle)
 t - a ring of see invisible (on tentacle)
 w - a +1 ring of protection {unknown}
 C - a cursed -2 ring of intelligence {unknown}
Wands
 z - a wand of polymorph (11)
Scrolls
 e - 3 scrolls of remove curse {unknown}
 f - 2 scrolls of enchant armour {unknown}
 l - 3 scrolls of amnesia {unknown}
 o - a scroll of noise {unknown}
 u - 3 scrolls of identify
 v - 3 scrolls of blinking {unknown}
 B - a scroll of magic mapping {unknown}
Potions
 c - a potion of might
 g - a potion of haste {unknown}
 i - a potion of cancellation {unknown}
 k - 2 potions of flight {unknown}
 p - a potion of mutation {unknown}
 s - 2 potions of heal wounds {unknown}
 x - a potion of agility {unknown}
 A - a potion of invisibility {unknown}
Comestibles
 d - 6 rations {!d}
 h - a chunk of flesh


   Skills:
 + Level 3.8 Fighting
 - Level 2.1 Long Blades
 * Level 2.5 Throwing
 + Level 4.2 Dodging
 + Level 4.4 Stealth
 + Level 4.2 Shields


You had 5 spell levels left.
You didn't know any spells.
Your spell library was empty.

Dungeon Overview and Level Annotations

Branches:
Dungeon (4/12)
 Temple: D:4-7

Altars:
Dithmenos
Qazlal
Sif Muna
Vehumet
Yredelemnul


Innate Abilities, Weirdness & Mutations

You cannot wear most types of armour.
You are very stealthy in the water. (Stealth+)
You are amphibious.
You can wear up to eight rings at the same time.
You can use your tentacles to constrict eight enemies at once.
Your skin changes colour to match your surroundings (Stealth+).
Your rubbery body absorbs attacks. (AC +1, EV +1)


Message History

Your surroundings suddenly seem different.
You block the hound's attack. x2
Found an escape hatch in the floor.
Okay, then.
Your surroundings suddenly seem different.
The hound barks!
The orc shouts!
The orc priest shouts!
The orc priest closely misses you. The orc barely misses you.
Found a ration.
Okay, then.
Okay, then.
You slash the orc priest! You grab the orc priest.
The orc priest is heavily wounded.
You constrict the orc priest.
The orc wizard gestures wildly while chanting.
The orc wizard blinks!
You block the orc priest's attack. You block the orc's attack.
You block the hound's attack.
You hit the orc priest.
You kill the orc priest!
You block the hound's attack. The orc hits you.
You die...

###############
#.............###
###.####...Y.......
%...# #...........
#...# #...........
#.o.# #...........
.#####ho.#
#...........
.......@.#
#....h...o..
.######)ยง#
#........... .o.#
#...?....... ###.#
#..........> .#
############ .# .#
..


You could see a hound, 2 orc wizards and an orc.

Vanquished Creatures
  A crimson imp (D:4)
  A hound (D:4)
  2 orc priests (D:4)
  A centaur skeleton (D:4)
  2 orc wizards
  Terence (D:2)
  A worker ant (D:4)
  5 adders
  2 worms (D:2)
  A dart slug (D:2)
  3 leopard geckos
  5 orcs
  A ball python (D:2)
  6 bats
  A giant cockroach (D:1)
  5 goblins
  6 hobgoblins
  4 jackals (D:2)
  10 kobolds
  2 quokkas (D:2)
  6 frilled lizards
  5 rats (D:1)
  A spectral orc (D:2)
72 creatures vanquished.

Vanquished Creatures (others)
  7 toadstools (D:4)
7 creatures vanquished.

Grand Total: 79 creatures vanquished

Notes
Turn   | Place    | Note
-------+----------+-------------------------------------------
     0 | D:1      | Redear the Octopode Fighter began the quest for the Orb.
     0 | D:1      | Reached XP level 1. HP: 16/16 MP: 1/1
     4 | D:1      | Noticed an electric eel
   317 | D:1      | Reached XP level 2. HP: 21/21 MP: 2/2
   961 | D:2      | Found a shadowy altar of Dithmenos.
   972 | D:2      | Reached XP level 3. HP: 20/26 MP: 3/3
  1142 | D:2      | Noticed Terence
  1148 | D:2      | Killed Terence
  1148 | D:2      | Reached skill level 1 in Stealth
  1148 | D:2      | Reached XP level 4. HP: 30/31 MP: 4/4
  1618 | D:2      | Reached skill level 1 in Throwing
  1713 | D:2      | Found a stormy altar of Qazlal.
  1751 | D:2      | Found a shimmering blue altar of Sif Muna.
  1754 | D:2      | Found a radiant altar of Vehumet.
  1767 | D:2      | Found a shadowy altar of Dithmenos.
  1995 | D:2      | Found a basalt altar of Yredelemnul.
  2177 | D:3      | Reached XP level 5. HP: 14/36 MP: 5/5
  2921 | D:4      | Reached XP level 6. HP: 11/43 MP: 6/6
  3487 | D:4      | Noticed a sky beast
  3536 | D:4      | HP: 1/43 [orc priest/divine providence (13)]
  3546 | D:4      | Slain by an orc

Skill      XL: |  1  2  3  4  5  6 |
---------------+-------------------+-----
Stealth        | 1 3 4 |  4.4
Throwing       | 1 2 |  2.5
Dodging        | 4 |  4.2
Shields        | 4 |  4.2
Fighting       | |  3.8
Long Blades    | |  2.1

Action                   |  1- 3 |  4- 6 || total
-------------------------+-------+-------++-------
Melee: Long sword        |    46 |   125 ||   171
       Constrict         |    13 |    37 ||    50
       Tentacles         |     8 |    27 ||    35
Throw: Javelin           |       |     3 ||     3
  Use: Potion            |       |     7 ||     7
       Scroll            |       |     4 ||     4
 Stab: Sleeping          |     5 |     6 ||    11
  Eat: Chunk             |     1 |     7 ||     8
Armor: Skin              |     1 |     9 ||    10
Dodge: Dodged            |    16 |    71 ||    87
Block: Shield            |    19 |    87 ||   106
